 Dungeon Crawl Stone Soup version 0.31-a0-1227-g0136665373 (webtiles) character file.

Game seed: 7634022927479285783

466 Daunt the Shooter (level 6, -4/51 HPs)
             Began as a Draconian Hexslinger on Dec 14, 2023.
             Was an Initiate of Ashenzari.
             Killed by an exploding centaur (25 damage)
             ... ignited by their inner flame
             ... on level 5 of the Dungeon.
             The game lasted 00:14:02 (3209 turns).

Daunt the Shooter (Draconian Hexslinger)            Turns: 3209, Time: 00:14:03

Health: -4/51      AC:  6    Str: 10    XL:     6   Next: 81%
Magic:  9/9        EV: 12    Int: 13    God:    Ashenzari [......]
Gold:   212        SH:  0    Dex: 16    Spells: 7/9 levels left

rFire   . . .        a - +1 sling
rCold   . . .        (no shield)
rNeg    . . .        (body armour unavailable)
rPois   .            (helmet restricted)
rElec   .            (no cloak)
rCorr   .            (no gloves)
SInv    .            (no boots)
Will    .....        v - amulet of magic regeneration
Stlth   +            (no ring)
HPRegen 0.28/turn    (no ring)
MPRegen 0.51/turn

%: no passive effects
@: weak-willed, very slightly contaminated
A: AC +6, unfitting armour, cold-blooded
a: Renounce Religion, Curse Item


You were on level 5 of the Dungeon.
You worshipped Ashenzari.
Ashenzari was noncommittal.
You visited 1 branch of the dungeon, and saw 5 of its levels.

You collected 212 gold pieces.

Inventory:

Hand Weapons
 a - a +1 sling (weapon)
Missiles
 f - 55 stones
 q - a boomerang
Armour
 p - an orb of energy
Jewellery
 v - an amulet of magic regeneration (around neck)
Wands
 u - a wand of quicksilver (9)
Scrolls
 b - a scroll of poison
 c - a scroll of immolation
 e - 3 scrolls of enchant weapon
 g - a scroll of enchant armour {unknown}
 h - 2 scrolls of amnesia {unknown}
 i - 3 scrolls of identify
 n - a scroll of teleportation {unknown}
 r - a scroll of blinking {unknown}
 t - 2 scrolls of fog {unknown}
Potions
 d - a potion of magic {unknown}
 j - 2 potions of attraction {unknown}
 k - a potion of ambrosia {unknown}
 l - a potion of degeneration {unknown}
 m - a potion of invisibility {unknown}
 o - 2 potions of heal wounds
 s - a potion of cancellation {unknown}


   Skills:
 + Level 3.5 Fighting
 * Level 4.9 Ranged Weapons
 - Level 1.7 Dodging
 - Level 2.0 Spellcasting
 - Level 4.0 Hexes
 - Level 1.0 Fire Magic


You had 7 spell levels left.
You knew the following spells:

 Your Spells              Type           Power      Damage    Failure   Level
a - Jinxbite              Hex            22%        N/A       8%          2

Your spell library contained the following spells:

 Spells                   Type           Power      Damage    Failure   Level
 Sigil of Binding         Hex            11%        N/A       14%         3
 Inner Flame              Hex/Fire       7%         N/A       26%         3
 Cause Fear               Hex            5%         N/A       43%         4
 Ignite Poison            Fire/Tmut/Pois 2%         N/A       54%         3
 Dimensional Bullseye     Hex/Tloc       3%         N/A       73%         4
 Flame Wave               Conj/Fire      2%         2d4       90%         4
 Sticky Flame             Conj/Fire      2%         2d3       90%         4
 Ignition                 Fire           1%         3d3       100%        8


Dungeon Overview and Level Annotations

Branches:
Dungeon (5/15) Zot: 26697
 Temple: D:4-7

Altars:
Ashenzari
Qazlal

Annotations:
D:3 3 runed translucent doors, Grinder; backslashecho's ghost, amateur MeSh


Innate Abilities, Weirdness & Mutations

Your plain brown scales are hard. (AC +6)
You cannot fit into any form of body armour.
You are cold-blooded and may be slowed by cold attacks.


Message History

Unknown command.
Unknown command.
Unknown command.
Unknown command.
Fire: a) +1 sling
Press: ? - help, Q - select action, (/) - cycle Shift-Dir - straight line, f/p - centaur
Aim: a centaur (72% to hit)
Okay, then.
Unknown command.
As you read the scroll labelled XOMUEF ZEORO, it crumbles to dust.
It is a scroll of identify.
e - 3 scrolls of enchant weapon;
i - 3 scrolls of identify
d - a glowing black potion The centaur hits you but does no damage.
The centaur kicks you but does no damage.
The bullfrog closely misses you. The centaur closely misses you.
The centaur barely misses you. The bullfrog completely misses you.
As you read the scroll labelled ILAZ FOEJATEU, it crumbles to dust.
The creatures around you are filled with an inner flame!
It was a scroll of immolation.
The centaur hits you. The centaur kicks you. The bullfrog hits you.
Fire: a) +1 sling
Press: ? - help, Q - select action, (/) - cycle Shift-Dir - straight line, f - dart slug, p - centaur
Aim: a dart slug (heavily wounded, inner flame, 93% to hit)
You shoot a sling bullet.
The sling bullet barely misses the bullfrog.
The sling bullet hits the dart slug.
Flame seeps out of the dart slug.
The dart slug is severely wounded.
The centaur closely misses you. The centaur barely misses you.
The bullfrog barely misses you. The centaur hits you.
The centaur barely misses you.
The dart slug is engulfed in blazing flames.
The dart slug explodes!
The fiery explosion engulfs the ice beast!!!
The ice beast melts!
The fiery explosion engulfs the bullfrog!!
The fiery explosion engulfs the centaur!!
The centaur explodes!
The fiery explosion engulfs you!!
You die...

#### ....##############
#...............
##.####.........###
...............###
##..###.##§@§.†<.#
##..###.##§§#.....#
#........§○§.......#
#...###..##...........
##...###............#...
#.....)............## ##
#..#.###...###....##
#.=.......#...##
...........>..#.#


There were no monsters in sight!

Vanquished Creatures
  An ice beast (D:5)
  2 centaurs (D:5)
  A phantom (D:4)
  A bullfrog (D:5)
  A howler monkey (D:2)
  3 hounds
  An orc priest (D:3)
  5 adders
  5 dart slugs
  4 orcs (D:3)
  10 ball pythons
  3 bats
  7 endoplasms
  5 giant cockroaches
  9 goblins
  7 hobgoblins
  16 jackals
  5 quokkas
  2 frilled lizards
  3 kobolds
  3 rats
94 creatures vanquished.

Notes
Turn   | Place    | Note
-------+----------+-------------------------------------------
     0 | D:1      | Daunt the Draconian Hexslinger began the quest for the Orb.
     0 | D:1      | Reached XP level 1. HP: 16/16 MP: 2/2
   144 | D:1      | Reached XP level 2. HP: 23/23 MP: 3/3
   160 | D:1      | Learned a level 2 spell: Jinxbite
   642 | D:1      | Reached XP level 3. HP: 28/28 MP: 4/4
  1573 | D:3      | Found a runed translucent gate.
  1573 | D:3      | Found a runed translucent gate.
  1573 | D:3      | Found a runed translucent gate.
  1577 | D:3      | Noticed backslashecho's ghost (amateur MeSh)
  1607 | D:3      | Reached XP level 4. HP: 7/35 MP: 3/6
  1879 | D:3      | Noticed Grinder
  1917 | D:2      | Reached XP level 5. HP: 31/41 MP: 8/8
  2020 | D:3      | Found a broken altar of Ashenzari.
  2030 | D:3      | Became a worshipper of Ashenzari the Shackled
  2082 | D:3      | Paralysed by Grinder for 3 turns
  2302 | D:3      | Found a stormy altar of Qazlal.
  2344 | D:3      | Found a faded altar of an unknown god.
  2934 | D:4      | Reached XP level 6. HP: 50/50 MP: 9/9
  3160 | D:5      | Entered Level 5 of the Dungeon
  3193 | D:5      | Noticed an ice beast
  3209 | D:5      | Killed an ice beast
  3209 | D:5      | Killed by an exploding centaur... ignited by their inner
                  | flame

Illustrated notes

Levels and vault maps discovered:
D:1:      dpeg_arrival_boxes_within_box, layout_loops_ring
D:2:      layout_basic, chequers_big_river
D:3:      layout_loops_ring, grunt_qazlal_clouds,
          mainiacjoe_overflow_cross_hatched, nicolae_ecumenical_snake_handling,
          gammafunk_ghost_necromancy, uniq_grinder
D:4:      layout_gridville
D:5:      layout_loops_ring, grunt_temple_overflow_diamond

Skill      XL: |  1  2  3  4  5  6 |
---------------+-------------------+-----
Ranged Weapons | 2 3 4 |  4.9
Hexes          | 3 4 |  4.0
Spellcasting   | 2 |  2.0
Fighting       | 2 3 |  3.5
Dodging        | |  1.7
Fire Magic     | |  1.0

Action                     |  1- 3 |  4- 6 || total
---------------------------+-------+-------++-------
   Fire: Sling             |   165 |   184 ||   349
   Cast: Jinxbite          |     2 |     6 ||     8
    Use: Scroll            |       |     2 ||     2
         Potion            |       |     2 ||     2
 Armour: Skin              |    57 |   101 ||   158
  Dodge: Dodged            |    74 |   140 ||   214

Table legend: (Time is in decaauts)
 A = Elapsed time spent in this place.
 B = Non-inter-level travel time spent in this place.
 C = Inter-level travel time spent in this place.
 D = Time resting spent in this place.
 E = Time spent auto-exploring this place.
 F = Levels seen in this place.
 G = Mean time per level.
                   A        B        C        D        E       F      G
               +--------+--------+--------+--------+--------+-----+--------+
         Total |   3301 |   3104 |    197 |    230 |   2072 |   5 |  660.2 |
       Dungeon |   3301 |   3104 |    197 |    230 |   2072 |   5 |  660.2 |
               +--------+--------+--------+--------+--------+-----+--------+

Top non-repeatable levels by time:
     D:3: 912 daAuts
     D:2: 911 daAuts
     D:1: 824 daAuts
     D:4: 602 daAuts
     D:5: 51 daAuts
